AoeStats
← Shiboridashi

Arabia

503792463Analyzed
3v3 RM · 1mo ago on Sep 2, 2026· 75m 15s· 6 players
Game mode
Random Map
Map size
Normal (6 player)
Population
200
Speed
Normal
Resources
Standard
Victory
Conquest
Starting age
Dark Age
Ending age
Imperial Age
RankedLock teamsTeams togetherTeam positionsShared explorationLock speedFull tech treeHidden civsTurbo modeCheats
Victory
Defeat
🇫🇷 Persians · France
1166
+17
🇫🇷 Vietnamese · France
1152
+17
🇫🇷 Britons · France
1094
+33
🇫🇷 Armenians · France
1207
-19
🇦🇺 Franks · Australia
1184
-18
🇪🇨 Maya · Ecuador
1152
-17
Pato
0:35 Loom
9:48 Feudal Age
10:14 Double-Bit Axe
10:53 Horse Collar
12:38 Town Watch
15:50 Wheelbarrow
16:16 Forging
16:06 Scale Mail Armor
19:21 Arson
23:23 Castle Age
23:19 Stone Mining
24:50 Iron Casting
24:30 Chain Mail Armor
24:21 Heavy Plow
24:33 Bow Saw
25:19 Squires
26:26 Hand Cart
26:23 Eagle Warrior
36:29 Town Patrol
42:20 Imperial Age
42:05 Fletching
44:44 Blast Furnace
44:14 Plate Mail Armor
43:58 Elite Eagle Warrior
45:05 Conscription
45:44 Holcans
47:00 Bodkin Arrow
48:19 Bracer
60:10 Pikeman
61:38 Halberdier
70:27 Padded Archer Armor
clem3613
7:26 Loom
9:49 Feudal Age
9:51 Man-at-Arms
9:58 Man-at-Arms
11:28 Long Swordsman
13:55 Arson
18:56 Double-Bit Axe
20:40 Scale Mail Armor
22:53 Castle Age
21:40 Forging
22:15 Pikeman
22:59 Horse Collar
23:42 Fletching
24:42 Bow Saw
24:42 Padded Archer Armor
26:09 Bodkin Arrow
27:48 Elite Skirmisher
32:41 Squires
35:06 Heavy Plow
35:26 Chain Mail Armor
36:49 Leather Archer Armor
38:54 Wheelbarrow
41:58 Gold Mining
48:28 Iron Casting
50:53 Hand Cart
56:12 Imperial Age
55:17 Ballistics
55:00 Halberdier
56:24 Murder Holes
60:45 Plate Mail Armor
Andy_Sai Gon
10:10 Feudal Age
13:42 Loom
15:26 Double-Bit Axe
21:42 Castle Age
20:39 Gold Mining
23:59 Wheelbarrow
25:44 Stone Mining
28:16 Husbandry
31:47 Gold Shaft Mining
34:53 Imperial Age
33:28 Forging
33:24 Scale Barding Armor
34:51 Iron Casting
35:05 Cavalier
36:29 Hand Cart
37:37 Blast Furnace
38:23 Paladin
39:10 Light Cavalry
43:15 Chain Barding Armor
46:52 Pikeman
47:32 Squires
48:01 Halberdier
Shiboridashi
6:45 Loom
9:19 Feudal Age
10:10 Double-Bit Axe
22:11 Castle Age
20:37 Horse Collar
21:30 Bloodlines
23:49 Forging
24:24 Scale Barding Armor
29:14 Bow Saw
29:39 Heavy Plow
30:00 Town Watch
30:59 Wheelbarrow
32:15 Gold Mining
32:16 Stone Mining
39:30 Imperial Age
39:08 Cavalier
41:04 Crop Rotation
41:41 Two-Man Saw
42:24 Iron Casting
43:06 Savar
46:12 Blast Furnace
45:33 Chain Barding Armor
47:35 Conscription
49:37 Plate Barding Armor
50:32 Hand Cart
56:50 Fletching
58:07 Gold Shaft Mining
58:07 Stone Shaft Mining
75:00 Husbandry
alexisgrosset13110
7:57 Loom
10:06 Feudal Age
10:46 Double-Bit Axe
21:31 Castle Age
19:26 Horse Collar
21:06 Fletching
21:17 Padded Archer Armor
21:45 Gold Mining
21:40 Crossbowman
22:27 Thumb Ring
22:37 Pikeman
23:37 Bodkin Arrow
25:41 Scale Mail Armor
26:10 Heavy Plow
28:45 Leather Archer Armor
32:52 Bow Saw
33:23 Scale Barding Armor
33:33 Forging
36:00 Ballistics
37:17 Wheelbarrow
37:20 Chain Barding Armor
37:36 Iron Casting
48:10 Bloodlines
51:45 Chatras
55:07 Husbandry
59:05 Light Cavalry
66:53 Imperial Age
66:30 Elite Skirmisher
67:12 Imperial Skirmisher
69:27 Two-Man Saw
71:39 Bracer
Pandidub
9:05 Loom
10:51 Feudal Age
15:31 Castle Age
13:54 Double-Bit Axe
14:24 Fletching
23:39 Bodkin Arrow
24:05 Crossbowman
25:54 Horse Collar
28:47 Padded Archer Armor
32:28 Wheelbarrow
34:43 Bow Saw
35:20 Ballistics
39:11 Imperial Age
39:22 Leather Archer Armor
39:17 Arbalester
40:01 Bracer
44:07 Gold Mining
44:50 Ring Archer Armor
44:24 Heavy Plow
45:34 Chemistry
45:06 Conscription
66:12 Guilds
69:58 Scale Mail Armor
70:00 Squires
70:35 Forging
72:24 Chain Mail Armor
Connection lost

Rejoining the realm…

Still unreachable

The connection could not be restored.

Session expired

The server has moved on; the page needs a fresh start.